AoeStats
← Dicc Pointy Like Arrow

Black Forest

508110681Analyzed
2v2 RM · 10d ago on Sep 20, 2026· 54m 55s· 4 players
Game mode
Random Map
Map size
Medium (4 player)
Population
200
Speed
Normal
Resources
Standard
Victory
Conquest
Starting age
Dark Age
Ending age
Imperial Age
RankedLock teamsTeams togetherTeam positionsShared explorationLock speedFull tech treeHidden civsTurbo modeCheats
Victory
Defeat
🇺🇸 Portuguese · United States
1210
+13
🇺🇸 Bengalis · United States
1195
+13
🇦🇷 Saracens · Argentina
1147
-13
🇦🇷 Khmer · Argentina
1146
-13
ChinoR
1:03 Loom
14:50 Feudal Age
17:51 Castle Age
15:45 Double-Bit Axe
15:55 Horse Collar
19:11 Bow Saw
26:37 Wheelbarrow
26:28 Heavy Plow
26:28 Gold Mining
27:44 Stone Mining
32:51 Imperial Age
30:51 Hand Cart
30:42 Town Watch
31:11 Bloodlines
31:10 Scale Barding Armor
31:16 Forging
31:28 Husbandry
31:41 Forging
32:07 Light Cavalry
33:18 Chain Barding Armor
33:33 Iron Casting
33:32 Town Patrol
33:37 Tusk Swords
34:46 Hussar
37:05 Plate Barding Armor
37:30 Blast Furnace
36:37 Elite Battle Elephant
MonoH
1:07 Loom
14:35 Feudal Age
18:37 Castle Age
17:49 Double-Bit Axe
17:46 Horse Collar
18:56 Stone Mining
27:45 Bow Saw
28:36 Gold Mining
29:04 Crossbowman
30:46 Heavy Plow
35:53 Imperial Age
34:00 Wheelbarrow
33:11 Town Watch
34:26 Gold Shaft Mining
34:57 Fletching
35:08 Padded Archer Armor
35:23 Scale Barding Armor
35:56 Elite Mameluke
36:58 Conscription
37:14 Thumb Ring
38:38 Elite Skirmisher
40:27 Forging
41:37 Leather Archer Armor
42:50 Bodkin Arrow
45:05 Ballistics
46:32 Chemistry
Dicc Pointy Like Arrow
0:48 Loom
13:28 Feudal Age
16:54 Castle Age
14:57 Double-Bit Axe
15:29 Horse Collar
18:01 Bow Saw
17:53 Heavy Plow
22:44 Wheelbarrow
26:26 Hand Cart
27:38 Stone Mining
27:38 Gold Mining
31:49 Imperial Age
29:16 Elite Skirmisher
30:19 Ballistics
30:08 Fletching
30:19 Padded Archer Armor
30:27 Scale Barding Armor
30:32 Forging
32:10 Masonry
31:56 Murder Holes
31:51 Town Watch
32:11 Elite Elephant Archer
33:16 Conscription
33:11 Paiks
33:50 Siege Elephant
34:56 Mahayana
35:32 Crop Rotation
36:14 Two-Man Saw
35:20 Squires
34:41 Pikeman
35:07 Arson
38:09 Chemistry
37:39 Architecture
38:11 Bodkin Arrow
38:31 Leather Archer Armor
39:09 Caravan
40:27 Husbandry
40:37 Bloodlines
41:12 Gold Shaft Mining
40:58 Siege Engineers
41:42 Bracer
42:22 Ring Archer Armor
44:16 Halberdier
44:59 Scale Mail Armor
45:35 Iron Casting
46:29 Chain Mail Armor
52:57 Blast Furnace
55:00 Chain Barding Armor
54:08 Elite Battle Elephant
Carson Palletjack
0:53 Loom
13:50 Feudal Age
14:48 Double-Bit Axe
16:39 Horse Collar
17:55 Wheelbarrow
25:39 Castle Age
26:38 Gold Mining
27:36 Bow Saw
30:06 Imperial Age
27:25 Town Watch
28:25 Fortified Wall
28:23 Stone Mining
29:51 Stone Shaft Mining
30:41 Treadmill Crane
31:37 Town Patrol
32:54 Hand Cart
34:02 Chemistry
34:23 Conscription
36:12 Siege Engineers
38:06 Arquebus
39:51 Elite Organ Gun
41:33 Murder Holes
41:59 Ballistics
41:50 Masonry
42:02 Fletching
42:49 Bodkin Arrow
46:28 Bombard Tower
46:39 Architecture
46:47 Coinage
46:31 Guilds
48:04 Forging
48:00 Scale Barding Armor
49:05 Banking
50:26 Two-Man Saw
50:59 Iron Casting
53:25 Bloodlines
53:28 Husbandry
Connection lost

Rejoining the realm…

Still unreachable

The connection could not be restored.

Session expired

The server has moved on; the page needs a fresh start.